 Dungeon Crawl Stone Soup version 0.26.1-2-gb8aa6d0cf2 (webtiles) character file.

Game seed: 15007855675843437977

39 Marvel the Ruffian (level 3, -4/36 HPs)
             Began as a Troll Monk on Feb 13, 2021.
             Slain by Sigmund
             ... wielding a +0 antimagic scythe
              (10 damage)
             ... on level 2 of the Dungeon.
             The game lasted 00:01:41 (991 turns).

Marvel the Ruffian (Troll Monk)                      Turns: 991, Time: 00:01:41

Health: -4/36      AC:  6    Str: 20    XL:     3   Next: 26%
Magic:  0/2        EV: 10    Int:  6    God:
Gold:   44         SH:  5    Dex: 12    Spells: 2/2 levels left

rFire    . . .     SeeInvis .     - Unarmed
rCold    + + .     Faith    .   (no shield)
rNeg     . . .     Spirit   .   a - +0 robe
rPois    .         Reflect  +   (helmet restricted)
rElec    .         Harm     .   (no cloak)
rCorr    .         Rampage  .   (gloves unavailable)
Will     .....                  (boots unavailable)
Stlth    ++........             k - amulet of reflection
HPRegen  0.52/turn              d - ring of protection from cold
MPRegen  0.08/turn              l - ring of protection from cold

@: no status effects
A: large, unfitting armour, claws 3, regeneration 1, shaggy fur 1, tough skin 3
a: no special abilities


You were on level 2 of the Dungeon.
You visited 1 branch of the dungeon, and saw 2 of its levels.

You collected 44 gold pieces.

Inventory:

Armour
 a - a +0 robe (worn)
Jewellery
 d - a ring of protection from cold (left claw)
 k - an amulet of reflection (around neck)
 l - a ring of protection from cold (right claw)
Scrolls
 b - a scroll of remove curse {unknown}
 c - a scroll of noise {unknown}
 e - a scroll of fear {unknown}
 g - a scroll of amnesia {unknown}
Potions
 f - 2 potions of curing {unknown}
 h - 2 potions of lignification {unknown}
 i - a potion of might {unknown}
 j - a potion of resistance {unknown}


   Skills:
 + Level 2.7 Fighting
 + Level 2.8 Dodging
 + Level 1.1 Stealth
 + Level 3.5 Unarmed Combat


You had 2 spell levels left.
You didn't know any spells.
Your spell library was empty.

Dungeon Overview and Level Annotations

Branches:
Dungeon (2/15)

Altars:
Fedhas
Qazlal

Annotations:
D:2 Sigmund


Innate Abilities, Weirdness & Mutations

You are too large for most types of armour.
You have claws for hands.
Your natural rate of healing is unusually fast.
You are covered in fur. (AC +1)
You have extremely tough skin. (AC +3)


Message History

You barely miss Sigmund.
Sigmund is moderately wounded.
You block the hobgoblin's attack.
A goblin comes into view. It is wielding a +0 club.
Sigmund points at himself and mumbles some strange words.
Sigmund flickers and vanishes!
Deactivating autopickup; reactivate with Ctrl-A.
You claw something!
The goblin unwields a +0 club.
The goblin wields a +0 hunting sling.
The goblin shoots a stone.
The stone hits you but does no damage. You block the hobgoblin's attack.
Something hits you!
* * * LOW HITPOINT WARNING * * *
You closely miss the hobgoblin.
The hobgoblin hits you with a +0 hand axe.
* * * LOW HITPOINT WARNING * * *
The goblin shoots a stone.
The stone hits you but does no damage.
You scratch the hobgoblin.
The hobgoblin is severely wounded.
Something hits you!
You die...

## .# #####.####.
##############..).......
........................
#....#########.#.g......
#....#####.....(@..K....
'..>.'..........{.......
#....#####.###.#.###...g
#....# #.# #.#.# ...
###### #.# .!#.# #+
#.##.##.# #.##. ..# #..
..# #..


You could see a hobgoblin, a goblin and a kobold.

Vanquished Creatures
  4 dart slugs
  2 leopard geckos (D:1)
  A giant cockroach (D:1)
  4 goblins
  4 hobgoblins (D:1)
  4 bats (D:1)
  3 frilled lizards (D:1)
  3 kobolds (D:1)
  A rat (D:1)
26 creatures vanquished.

Vanquished Creatures (others)
  A bat (D:2)
1 creature vanquished.

Grand Total: 27 creatures vanquished

Notes
Turn   | Place    | Note
-------+----------+-------------------------------------------
     0 | D:1      | Marvel the Troll Monk began the quest for the Orb.
     0 | D:1      | Reached XP level 1. HP: 22/22 MP: 0/0
   132 | D:1      | Reached XP level 2. HP: 28/29 MP: 1/1
   693 | D:1      | Reached XP level 3. HP: 36/36 MP: 2/2
   917 | D:2      | Found a blossoming altar of Fedhas.
   918 | D:2      | Found a stormy altar of Qazlal.
   980 | D:2      | Noticed Sigmund
   991 | D:2      | Slain by Sigmund

Illustrated notes

Levels and vault maps discovered:
D:1:      dpeg_arrival_signposts, layout_basic, chequers_serial_rivers_small_3,
          minmay_misc_feat_rows
D:2:      layout_basic, grunt_temple_overflow_forces_of_nature,
          minmay_surrounded, uniq_sigmund

Action                   || total
-------------------------++-------
Melee: Unarmed           ||    62
 Stab: Sleeping          ||     1
Armor: Robe              ||    36
Dodge: Dodged            ||    39
Block: Other             ||     3
